 Dungeon Crawl Stone Soup version 0.31.0-32-g396128a36d (webtiles) character file.

Game seed: 16487495189672485582

256 spaghetti the Caller (level 6, -12/41 HPs)
             Began as a Human Summoner on Mar 9, 2024.
             Was an Initiate of Kikubaaqudgha.
             Killed by an exploding blazeheart core (33 damage)
             ... on level 4 of the Dungeon.
             The game lasted 00:04:44 (3685 turns).

spaghetti the Caller (Human Summoner)               Turns: 3685, Time: 00:04:45

Health: -12/41     AC:  5    Str:  8    XL:     6   Next: 15%
Magic:  1/12       EV: 11    Int: 18    God:    Kikubaaqudgha [......]
Gold:   95         SH:  0    Dex: 13    Spells: 4/13 levels left

rFire   . . .        c - +0 morningstar
rCold   + . .        (no shield)
rNeg    . . .        r - +2 leather armour {rC+}
rPois   .            (no helmet)
rElec   .            (no cloak)
rCorr   .            (no gloves)
SInv    .            (no boots)
Will    .....        (no amulet)
Stlth   ++           (no ring)
HPRegen 0.26/turn    (no ring)
MPRegen 0.13/turn

%: no passive effects
@: inugami summoned
A: explore regen
a: Renounce Religion


You were on level 4 of the Dungeon.
You worshipped Kikubaaqudgha.
Kikubaaqudgha was noncommittal.
You visited 1 branch of the dungeon, and saw 4 of its levels.

You collected 95 gold pieces.

Inventory:

Hand Weapons
 c - a +0 morningstar (weapon)
Armour
 a - a +0 robe
 r - a +2 leather armour of cold resistance (worn)
Wands
 p - a wand of flame (18)
 q - a wand of quicksilver (9)
Scrolls
 d - 2 scrolls of teleportation
 e - a scroll of noise
 g - a scroll of torment
 h - a scroll of fear
 n - a scroll of blinking {unknown}
 t - a scroll of enchant weapon {unknown}
Potions
 b - a potion of magic
 i - 2 potions of attraction {unknown}
 j - 2 potions of haste {unknown}
 k - 2 potions of curing {unknown}
 l - a potion of brilliance {unknown}
 m - 2 potions of enlightenment {unknown}
 o - a potion of heal wounds {unknown}
 s - a potion of lignification
 u - 2 potions of invisibility {unknown}


   Skills:
 - Level 2.0 Dodging
 - Level 2.0 Stealth
 + Level 4.0 Spellcasting
 + Level 5.5 Summonings
 + Level 1.3 Necromancy
 + Level 1.3 Fire Magic


You had 4 spell levels left.
You knew the following spells:

 Your Spells              Type           Power      Damage    Failure   Level
b - Call Imp              Summ           46%        N/A       3%          2
c - Call Canine Familiar  Summ           23%        N/A       7%          3
d - Summon Blazeheart Go  Fire/Summ      16%        N/A       45%         4

Your spell library contained the following spells:

 Spells                   Type           Power      Damage    Failure   Level
 Summon Small Mammal      Summ           92%        N/A       2%          1
 Sandblast                Erth           6%         2d5       22%         1
 Passwall                 Erth           3%         N/A       54%         3
 Stone Arrow              Conj/Erth      6%         3d7       54%         3
 Summon Lightning Spire   Summ/Air       13%        N/A       56%         4
 Brom's Barrelling Bould  Conj/Erth      3%         2d3       91%         4


Dungeon Overview and Level Annotations

Branches:
Dungeon (4/15)             Temple (0/1) D:4

Altars:
Ashenzari
Hepliaklqana
Kikubaaqudgha
Ru
Wu Jian
The Shining One

Shops:
D:3 [


Innate Abilities, Weirdness & Mutations

You regain HP and MP as you explore.


Message History

There is an open door here.
An adder comes into view.
Casting: Call Canine Familiar (dangerous; 7% risk of failure)
Confirm with . or Enter, or press ? or * to list all spells.
A fiery spirit appears, bound in slag iron.
You hit the gnoll but do no damage. The adder bites you.
You are poisoned.
The adder poisons you! The gnoll hits you with a +0 flail.
The adder bites you but does no damage.
Your blazeheart golem punches the gnoll.
Your cerulean imp hits the gnoll from afar with a -2 spear.
You hit the gnoll but do no damage.
The gnoll is moderately wounded.
You feel sick. The adder closely misses you. The adder barely misses you.
Your cerulean imp barely misses the gnoll.
The gnoll hits your blazeheart golem with a +0 club.
Your blazeheart golem punches the gnoll!!
The gnoll dies!
Kikubaaqudgha accepts your kill.
You barely miss the adder.
You feel sick. The adder barely misses you.
Your cerulean imp closely misses the gnoll.
The adder bites you. The gnoll closely misses you.
Your cerulean imp hits the gnoll from afar with a -2 spear.
You completely miss the gnoll.
The gnoll is severely wounded.
You feel sick. The adder bites you but does no damage.
Your blazeheart golem punches the gnoll!
The gnoll dies!
Kikubaaqudgha accepts your kill.
Your blazeheart golem falls apart, revealing its core!
The adder barely misses you.
You hear a shout!
Your Spellcasting skill increases to level 4!
You closely miss the adder.
You feel sick.
You are no longer poisoned.
Your blazeheart core explodes!
The fiery explosion engulfs you!!
Ouch! That really hurt!
You die...
Kikubaaqudgha rasps: "You have failed me!
Welcome... death!"

.§.≈._.≈.§....... #...........#..
.≈.≈...≈.≈...... #...........#..
.≈.≈§≈≈≈.≈..... +...........#..
.≈.§§....§.##.# ###...........###
.≈≈§§≈≈≈≈§.##.###....#'########.#
....§.g.hJ......#....#..#........
.......h.5...g5h#....'..#........
...#..###..####)#S...#####...#.##
## #..# #..# #☼☼@.########.#####.
.....+.....#○...#.........# #.
......#.....#....#.........# #.
.....$.#.....#....#.........# #)
..###..#######)...#....#...## #.
.. #..##......#'##).####### ##
#......#...(..# +......#......#
#......########


You could see a gnoll (distracted, ally target), an adder, a friendly cerulean
imp (summoned) and a friendly inugami (summoned).

Vanquished Creatures
  A scorpion (D:4)
  A bombardier beetle (D:4)
  A ribbon worm (D:2)
  An orc (D:4)
  3 bats
  A giant cockroach (D:1)
  2 goblins
  2 hobgoblins (D:1)
  2 kobolds (D:1)
  A quokka (D:3)
  4 ball pythons
  3 frilled lizards
  A rat (D:2)
23 creatures vanquished.

Vanquished Creatures (collateral kills)
  A bombardier beetle (D:4)
  Ijyb (D:4)
  3 gnolls (D:4)
  2 adders
  3 dart slugs
  2 ribbon worms
  A bat (D:2)
  2 endoplasms
  A giant cockroach (D:2)
  3 goblins
  A hobgoblin (D:1)
  4 jackals (D:2)
  3 ball pythons
  A frilled lizard (D:1)
  4 kobolds
  A rat (D:2)
33 creatures vanquished.

Vanquished Creatures (others)
  A blazeheart core (D:4)
1 creature vanquished.

Grand Total: 57 creatures vanquished

Notes
Turn   | Place    | Note
-------+----------+-------------------------------------------
     0 | D:1      | spaghetti the Human Summoner began the quest for the Orb.
     0 | D:1      | Reached XP level 1. HP: 13/13 MP: 3/3
   196 | D:1      | Reached XP level 2. HP: 19/19 MP: 5/5
   390 | D:1      | Learned a level 2 spell: Call Imp
   663 | D:1      | You fall into a shaft and drop 1 floor!
   825 | D:2      | Found a hazy altar of Hepliaklqana.
   957 | D:2      | Reached XP level 3. HP: 10/24 MP: 1/6
   961 | D:2      | Learned a level 3 spell: Call Canine Familiar
  1724 | D:2      | Reached XP level 4. HP: 28/30 MP: 4/8
  2326 | D:3      | Found Kair's Armour Shoppe.
  2705 | D:3      | Found a hazy altar of Hepliaklqana.
  2710 | D:3      | Found a glowing golden altar of the Shining One.
  2710 | D:3      | Found a broken altar of Ashenzari.
  2721 | D:3      | Found an ancient bone altar of Kikubaaqudgha.
  2729 | D:3      | Became a worshipper of Kikubaaqudgha
  2735 | D:3      | Found a sacrificial altar of Ru.
  3032 | D:4      | Reached skill level 5 in Summonings
  3169 | D:4      | Noticed Ijyb
  3180 | D:4      | Killed Ijyb
  3181 | D:4      | Reached XP level 5. HP: 21/35 MP: 4/10
  3253 | D:4      | Learned a level 4 spell: Summon Blazeheart Golem
  3565 | D:4      | Reached skill level 1 in Necromancy
  3565 | D:4      | Reached skill level 1 in Fire Magic
  3565 | D:4      | Reached XP level 6. HP: 41/41 MP: 6/11
  3611 | D:4      | Found a staircase to the Ecumenical Temple.
  3657 | D:4      | Found an ornate altar of the Wu Jian Council.
  3685 | D:4      | Killed by an exploding blazeheart core

Illustrated notes

Levels and vault maps discovered:
D:1:      minmay_arrival_three_doors, layout_basic, serial_glass,
          glass_columns_a, glass_columns_b, grunt_decor_resistance
D:2:      minmay_general_purpose_star, layout_basic, basic_altar,
          minmay_misc_feat_alley
D:3:      layout_loops_ring, minmay_overflow_temple_star_hex, serial_shops,
          nicolae_diamond_shop, dreamdust_mushroom_princess
D:4:      layout_gridville, mainiacjoe_overflow_concentric_impassable,
          lemuel_crystal_altar, old_standard_altar, vehumet_crystals,
          minmay_temple_entry_poolview, uniq_ijyb, uniq_crazy_yiuf_cottage,
          uniq_menkaure

Skill      XL: |  1  2  3  4  5  6 |
---------------+-------------------+-----
Spellcasting   | 3 4 |  4.0
Summonings     | 5 |  5.5
Necromancy     | 1 |  1.3
Fire Magic     | 1 |  1.3
Dodging        | |  2.0
Stealth        | |  2.0

Action                     |  1- 3 |  4- 6 || total
---------------------------+-------+-------++-------
  Melee: Unarmed           |   151 |       ||   151
         Morningstar       |    17 |    48 ||    65
         Punch             |     1 |       ||     1
   Cast: Summon Small Mamm |    23 |     3 ||    26
         Call Imp          |    16 |    11 ||    27
         Call Canine Famil |     6 |    11 ||    17
         Summon Blazeheart |       |     1 ||     1
    Use: Potion            |     1 |       ||     1
         Scroll            |       |     5 ||     5
   Stab: Distracted        |     1 |       ||     1
         Sleeping          |     3 |     2 ||     5
 Armour: Robe              |   119 |    27 ||   146
         Skin              |     2 |       ||     2
         Leather armour    |       |    19 ||    19
  Dodge: Dodged            |   132 |    37 ||   169
